AoeStats
← AdmiralPusss

Black Forest

503366490Analyzed
2v2 RM · 1mo ago on Aug 31, 2026· 46m 47s· 4 players
Game mode
Random Map
Map size
Medium (4 player)
Population
200
Speed
Normal
Resources
Standard
Victory
Conquest
Starting age
Dark Age
Ending age
Imperial Age
RankedLock teamsTeams togetherTeam positionsShared explorationLock speedFull tech treeHidden civsTurbo modeCheats
Victory
Defeat
🇹🇼 Teutons · Taiwan
909
+13
🇹🇷 Goths · Türkiye
868
+15
🇮🇳 Tatars · India
844
-14
🇮🇳 Britons · India
836
-14
森永
9:54 Loom
11:39 Feudal Age
19:01 Castle Age
17:14 Man-at-Arms
18:43 Forging
18:34 Scale Mail Armor
18:25 Double-Bit Axe
18:28 Arson
21:09 Long Swordsman
24:14 Bow Saw
23:46 Horse Collar
26:31 Stone Mining
35:38 Iron Casting
36:10 Wheelbarrow
35:29 Gold Mining
36:50 Chain Mail Armor
37:10 Hand Cart
39:08 Fletching
39:19 Padded Archer Armor
43:31 Imperial Age
45:00 Town Watch
46:19 Chemistry
45:40 Ballistics
45:32 Masonry
45:27 Heavy Plow
46:31 Two-Man Saw
46:12 Stone Shaft Mining
46:22 Conscription
46:37 Bodkin Arrow
46:58 Leather Archer Armor
47:14 Plate Mail Armor
47:44 Blast Furnace
cormano
0:37 Loom
15:13 Feudal Age
19:53 Castle Age
19:40 Stone Mining
20:06 Double-Bit Axe
20:08 Horse Collar
21:07 Wheelbarrow
20:54 Heavy Plow
27:48 Gold Mining
30:23 Scale Mail Armor
31:16 Forging
32:34 Anarchy
35:24 Squires
40:15 Imperial Age
39:03 Iron Casting
38:44 Chain Mail Armor
39:46 Pikeman
41:10 Hand Cart
41:08 Perfusion
41:29 Conscription
40:51 Halberdier
46:28 Blast Furnace
47:52 Chemistry
47:23 Caravan
AdmiralPusss
11:18 Feudal Age
19:20 Castle Age
18:12 Double-Bit Axe
20:02 Wheelbarrow
23:35 Fletching
24:32 Gold Mining
24:36 Stone Mining
25:12 Padded Archer Armor
25:49 Crossbowman
27:15 Horse Collar
34:42 Ballistics
36:50 Gold Shaft Mining
38:08 Husbandry
38:07 Bodkin Arrow
38:27 Leather Archer Armor
39:28 Murder Holes
42:14 Hand Cart
43:41 Scale Barding Armor
43:46 Forging
46:34 Bow Saw
Doctor Strange
13:10 Feudal Age
13:44 Loom
14:24 Horse Collar
14:41 Double-Bit Axe
15:12 Forging
15:03 Scale Mail Armor
14:30 Man-at-Arms
16:06 Gold Mining
23:34 Arson
24:09 Fletching
24:22 Padded Archer Armor
25:22 Horse Collar
28:34 Castle Age
27:55 Wheelbarrow
29:27 Bodkin Arrow
29:47 Leather Archer Armor
35:43 Ballistics
40:07 Bloodlines
39:58 Husbandry
40:22 Scale Barding Armor
40:53 Iron Casting
42:10 Treadmill Crane
44:18 Bow Saw
Connection lost

Rejoining the realm…

Still unreachable

The connection could not be restored.

Session expired

The server has moved on; the page needs a fresh start.